 Dungeon Crawl Stone Soup version 0.29.1-1-gd02db6906a (webtiles) character file.

Game seed: 13186849678894581660

340 MisterFreud the Twirler (level 6, -11/48 HPs)
             Began as a Formicid Gladiator on Oct 22, 2022.
             Mangled by an ogre
             ... wielding a +0 giant club
              (17 damage)
             ... on level 4 of the Dungeon.
             The game lasted 00:02:18 (2867 turns).

MisterFreud the Twirler (Formicid Gladiator)        Turns: 2867, Time: 00:02:19

Health: -11/48     AC:  3    Str: 20    XL:     6   Next: 86%
Magic:  6/6        EV: 12    Int:  8    God:
Gold:   235        SH:  0    Dex: 15    Spells: 5/5 levels left

rFire   . . .      SeeInvis +   a - +1 quarterstaff
rCold   . . .      Faith    .   (no shield)
rNeg    . . .      Spirit   .   b - +0 leather armour
rPois   .          Reflect  .   (helmet unavailable)
rElec   .          Harm     .   (no cloak)
rCorr   .          Rampage  .   (no gloves)
Will    .....                   (no boots)
Stlth   +.........              (no amulet)
HPRegen 0.16/turn               (no ring)
MPRegen 0.10/turn               (no ring)

@: no status effects
A: permanent stasis, dig shafts and tunnels, antennae 3, four strong arms
a: Dig, Shaft Self


You were on level 4 of the Dungeon.
You visited 1 branch of the dungeon, and saw 4 of its levels.

You collected 235 gold pieces.

Inventory:

Hand Weapons
 a - a +1 quarterstaff (weapon)
Missiles
 c - 3 throwing nets (quivered)
 d - a javelin
 f - 2 boomerangs
 h - 5 poisoned darts
 k - 6 datura-tipped darts
Armour
 b - a +0 leather armour (worn)
Wands
 j - a wand of flame (14)
Scrolls
 e - 3 scrolls of identify
 g - a scroll of magic mapping
 l - a scroll of summoning
Potions
 i - a potion of attraction
 m - a potion of heal wounds


   Skills:
 + Level 3.6 Fighting
 - Level 6.0 Staves
 - Level 2.0 Throwing
 + Level 2.7 Armour
 - Level 2.6 Dodging


You had 5 spell levels left.
You didn't know any spells.
Your spell library contained the following spells:

 Spells                   Type           Power      Damage    Failure   Level
 Slow                     Hex            0%         N/A       45%         1
 Sting                    Tmut/Pois      0%         1d3       45%         1
 Poisonous Vapours        Pois/Air       0%         N/A       58%         2
 Call Canine Familiar     Summ           0%         N/A       83%         3
 Confusing Touch          Hex            0%         N/A       83%         3
 Portal Projectile        Hex/Tloc       0%         N/A       83%         3
 Vampiric Draining        Necr           0%         2d6       83%         3
 Leda's Liquefaction      Hex/Erth       0%         N/A       99%         4
 Olgreb's Toxic Radiance  Pois           0%         N/A       99%         4


Dungeon Overview and Level Annotations

Branches:
Dungeon (4/15)
 Temple: D:4-7

Altars:
Xom


Innate Abilities, Weirdness & Mutations

You cannot be hasted, slowed, berserked, paralysed or teleported.
You can dig through walls and to a lower floor.
You have a pair of large antennae on your head. (SInv)
Your four strong arms can wield two-handed weapons with a shield.


Message History

The scorpion poisons you!
You hit the scorpion.
The scorpion is almost dead.
You feel sick. The scorpion barely misses you.
You completely miss the scorpion.
The scorpion is almost dead.
You feel sick. The scorpion barely misses you.
You closely miss the scorpion.
The scorpion is almost dead.
You feel sick. The scorpion stings you.
The scorpion stings you but does no damage.
You hit the scorpion but do no damage.
The scorpion is almost dead.
You feel sick. The scorpion barely misses you.
You sock the scorpion!
You kill the scorpion!
You feel sick.
You feel sick.
You start resting.
You feel sick.
You are no longer poisoned.
You start resting.
You sense a monster nearby.
An ogre comes into view. It is wielding a +0 giant club.
An ogre is nearby!
The ogre shouts!
There is a stone staircase leading up, spattered with blood here.
You hit the ogre.
The ogre is moderately wounded.
The ogre hits you with a +0 giant club!
You sock the ogre!
The ogre is heavily wounded.
You are too injured to fight recklessly!
You hit the ogre. Your punch misses the ogre.
The ogre is severely wounded.
The ogre hits you with a +0 giant club!
* * * LOW HITPOINT WARNING * * *
You hit the ogre.
The ogre is almost dead.
The ogre hits you with a +0 giant club!
You die...

.#. #.## # #.#
...##...#.# #.#
#....#.#..## #.#
............ ..#
#..?.....s##
#.##
....<......# #..
#####....#.# #.#
#.#.#.# #.#
##.#s# #@#
#(#.#####O#
#.#.#.....####.#
#.#.#.###......#
#.........######
###.#.#####
#.#.# #.#.#
#.#.#


You could see an ogre.

Vanquished Creatures
  A phantom (D:4)
  A scorpion (D:4)
  Natasha (thrice) (D:3)
  An iguana (D:4)
  An orc wizard (D:3)
  2 adders
  6 orcs (D:3)
  5 bats
  2 endoplasms
  3 giant cockroaches
  8 goblins
  4 hobgoblins
  2 jackals (D:2)
  2 kobolds
  A quokka (D:1)
  8 ball pythons
  A frilled lizard (D:1)
  5 rats
56 creatures vanquished.

Notes
Turn   | Place    | Note
-------+----------+-------------------------------------------
     0 | D:1      | MisterFreud the Formicid Gladiator began the quest for the
                  | Orb.
     0 | D:1      | Reached XP level 1. HP: 16/16 MP: 1/1
   369 | D:1      | Reached XP level 2. HP: 22/22 MP: 2/2
   851 | D:2      | Reached skill level 4 in Staves
   851 | D:2      | Reached XP level 3. HP: 27/27 MP: 3/3
   994 | D:2      | Found a shimmering altar of Xom.
  1703 | D:3      | Reached XP level 4. HP: 15/33 MP: 4/4
  1710 | D:3      | HP: 1/33 [orc wizard/magic dart (7)]
  1712 | D:3      | Reached skill level 5 in Staves
  2103 | D:3      | Noticed Natasha
  2107 | D:3      | Killed Natasha
  2108 | D:3      | Reached XP level 5. HP: 31/38 MP: 5/5
  2228 | D:3      | Noticed Natasha
  2240 | D:3      | Killed Natasha
  2559 | D:3      | Noticed Natasha
  2565 | D:3      | Killed Natasha
  2566 | D:3      | Reached skill level 6 in Staves
  2625 | D:4      | Noticed a phantom
  2629 | D:4      | Reached skill level 1 in Armour
  2629 | D:4      | Reached XP level 6. HP: 30/46 MP: 6/6
  2862 | D:4      | Noticed an ogre
  2867 | D:4      | Mangled by an ogre

Illustrated notes

Levels and vault maps discovered:
D:1:      psy_arrival_terrarium, layout_rooms
D:2:      layout_basic, basic_altar, shapermc_ecumenical_altar_petra,
          minmay_tree_intersection
D:3:      layout_loops_ring, amcnicky_mini_pool_small, uniq_natasha
D:4:      layout_loops_ring, nicolae_shop_overcharged_wands

Skill      XL: |  1  2  3  4  5  6 |
---------------+-------------------+-----
Staves         | 4 5 6 |  6.0
Armour         | 1 2 |  2.7
Fighting       | 3 |  3.6
Throwing       | |  2.0
Dodging        | |  2.6

Action                   |  1- 3 |  4- 6 || total
-------------------------+-------+-------++-------
Melee: Quarterstaff      |    75 |    72 ||   147
  Use: Scroll            |     7 |     1 ||     8
Armor: Leather armour    |    17 |    12 ||    29
Dodge: Dodged            |    41 |    35 ||    76
